Map: [ESL] Data-C

Players

ForJumY

  • Race: Protoss Protoss
  • League: Grandmaster
  • Spawn Location: 9:00

Spirit (souL) - Winner!

  • Race: Terran Terran
  • League: Master
  • Spawn Location: 3:00

Event: HomeStory Cup XXII

VOD

Have the link to the VOD?

Description

Time

  • Played on: Dec. 15, 2022, 8:56 a.m.
  • Length: 14:19

All games in this series

Show
View Real Time Build Order
Export as new Build Order

ForJumY Protoss 

Build Orders: 1 Gate Expand 

Get SALT Encoding   

  12  0:00  Probe  
  13  0:12  Probe  
  14  0:17  Pylon  
  14  0:24  Probe  
  15  0:35  Gateway  
  15  0:37  Probe (Chrono Boost)  
  16  0:46  Probe (Chrono Boost)  
  16  0:47  Assimilator  
  17  0:51  Probe (Chrono Boost)  
  18  1:03  Probe  
  19  1:15  Probe  
  20  1:22  Cybernetics Core  
  20  1:37  Nexus  
  20  1:43  Pylon  
  20  1:46  Probe  
  21  1:52  Assimilator  
  21  1:55  Adept (Chrono Boost)  
  23  2:01  Warp Gate  
  23  2:04  Probe  
  24  2:15  Adept (Chrono Boost)  
  24  2:17  Probe  
  27  2:29  Twilight Council  
  27  2:33  Probe  
  27  2:46  Adept  
  27  2:49  Probe x2 (Chrono Boost)  
  32  2:58  Probe (Chrono Boost)  
  32  3:00  Probe (Chrono Boost)  
  32  3:04  Probe (Chrono Boost)  
  32  3:06  Gateway  
  32  3:11  Probe  
  34  3:16  Probe  
  35  3:24  Probe  
  36  3:29  Robotics Facility  
  36  3:30  Probe  
  37  3:34  Gateway  
  37  3:40  Gateway  
  37  3:42  Probe  
  37  3:43  Charge (Chrono Boost)  
  38  3:50  Probe, Stalker  
  41  3:56  Pylon  
  41  3:57  Probe  
  41  4:02  Stalker  
  44  4:08  Probe  
  44  4:09  Probe  
  46  4:13  Warp Prism (Chrono Boost)  
  48  4:21  Stalker  
  50  4:27  Zealot  
  50  4:30  Zealot  
  54  4:33  Pylon  
  54  4:39  Pylon  
  54  4:52  Zealot x2, Observer  
  59  4:58  Probe x2  
  61  5:01  Stalker x2  
  63  5:10  Probe x2  
  61  5:22  Probe  
  61  5:25  Warp Prism  
  62  5:28  Zealot x4  
  70  5:38  Probe x2  
  70  5:39  Pylon  
  62  6:03  Stalker x2  
  54  6:12  Probe  
  54  6:14  Nexus  
  53  6:22  Observer  
  53  6:30  Probe (Chrono Boost)  
  55  6:37  Probe (Chrono Boost)  
  55  6:39  Templar Archives  
  56  6:40  Probe (Chrono Boost)  
  56  6:45  Probe x2 (Chrono Boost)  
  57  6:55  Zealot x4  
  57  6:56  Probe  
  57  6:57  Probe  
  64  7:08  Probe  
  65  7:09  Probe  
  53  7:17  Stalker  
  53  7:18  Stalker  
  53  7:20  Probe (Chrono Boost)  
  53  7:26  Probe (Chrono Boost)  
  51  7:31  Probe (Chrono Boost)  
  51  7:33  Probe (Chrono Boost)  
  46  7:39  Probe (Chrono Boost)  
  46  7:40  Probe (Chrono Boost)  
  46  7:41  Observer, Probe (Chrono Boost)  
  48  7:49  Probe x2 (Chrono Boost)  
  51  7:51  Probe (Chrono Boost)  
  51  7:55  Forge  
  51  7:56  Gateway  
  51  7:57  Probe (Chrono Boost), Gateway  
  53  7:59  Probe (Chrono Boost)  
  53  8:01  Probe (Chrono Boost)  
  53  8:03  Observer, Probe  
  53  8:04  Observer  
  56  8:06  Shield Battery  
  56  8:07  High Templar  
  56  8:08  Probe (Chrono Boost)  
  56  8:11  Assimilator  
  56  8:12  Assimilator  
  60  8:13  Probe (Chrono Boost), Pylon  
  60  8:19  Observer, Probe (Chrono Boost)  
  61  8:20  Probe (Chrono Boost)  
  63  8:27  Stalker x2  
  63  8:28  Probe (Chrono Boost)  
  63  8:29  Probe (Chrono Boost)  
  63  8:30  Probe (Chrono Boost)  
  69  8:34  Probe  
  69  8:35  Probe  
  69  8:37  Photon Cannon  
  69  8:39  Probe  
  69  8:40  Psionic Storm  
  72  8:44  Shield Battery  
  72  8:49  Pylon  
  72  8:55  Gateway  
  72  8:56  Gateway  
  72  8:58  Protoss Ground Armor Level 1 (Chrono Boost)  
  72  9:01  Zealot x2  
  76  9:05  Pylon  
  76  9:08  Warp Prism  
  75  9:21  High Templar  
  75  9:22  Zealot x3  
  75  9:23  Probe  
  79  9:28  High Templar  
  79  9:30  Probe  
  77  9:31  Probe  
  77  9:36  Zealot  
  77  9:37  Probe (Chrono Boost)  
  77  9:41  Archon  
  77  9:43  Probe (Chrono Boost)  
  66  9:46  Probe (Chrono Boost)  
  64  9:53  Probe (Chrono Boost)  
  64  9:54  Probe (Chrono Boost)  
  64  9:56  Observer, Probe (Chrono Boost)  
  64  10:01  Probe x2 (Chrono Boost)  
  64  10:02  Probe (Chrono Boost), High Templar x2  
  70  10:10  Probe (Chrono Boost)  
  70  10:13  Probe (Chrono Boost)  
  73  10:15  Probe (Chrono Boost)  
  73  10:18  High Templar  
  73  10:20  Zealot x2  
  80  10:22  Probe (Chrono Boost)  
  80  10:26  Probe (Chrono Boost)  
  80  10:27  Probe x2 (Chrono Boost)  
  83  10:32  High Templar  
  83  10:34  Probe  
  86  10:36  Probe x2  
  88  10:43  Probe  
  88  10:45  Probe  
  88  10:48  Probe  
  90  10:51  Nexus  
  90  10:52  Probe  
  90  10:53  Probe, Pylon  
  90  10:55  Observer  
  92  10:57  High Templar  
  92  11:00  Probe x2  
  92  11:01  Assimilator  
  92  11:02  Probe  
  97  11:05  Assimilator  
  97  11:10  Protoss Ground Weapons Level 1 (Chrono Boost)  
  98  11:12  Probe x2  
  98  11:15  Probe  
  97  11:23  Warp Prism (Chrono Boost)  
  97  11:24  Probe x2  
  97  11:27  Zealot, Probe  
  97  11:28  Zealot  
  97  11:30  High Templar x2  
  106  11:36  Probe  
  106  11:37  Probe  
  103  11:47  Zealot x2  
  103  11:49  Observer (Chrono Boost), Probe  
  103  11:51  Probe  
  110  11:55  Probe  
  110  11:59  Photon Cannon  
  111  12:03  Gateway  
  111  12:04  Gateway  
  111  12:06  Forge  
  111  12:07  Zealot x5  
  121  12:14  Photon Cannon, Probe  
  122  12:18  Pylon  
  122  12:19  Probe  
  119  12:22  High Templar  
  119  12:23  Sentry, High Templar  
  119  12:24  Probe  
  119  12:27  Robotics Facility  
  112  12:30  Robotics Bay  
  112  12:31  Observer, Probe x2  
  112  12:32  Pylon  
  112  12:33  Probe  
  112  12:36  Probe  
  116  12:37  Shield Battery  
  116  12:43  Photon Cannon  
  114  12:50  Zealot x3  
  120  12:54  Zealot x2  
  124  13:02  Zealot x3  
  130  13:15  Zealot x6  
  130  13:19  Disruptor  
  143  13:26  High Templar x2  
  147  13:27  Zealot x2  
  147  13:30  Archon  
  135  13:38  Zealot x6  
  135  13:50  Pylon  
  135  13:52  Pylon x2  
  129  13:59  Archon x2  
  129  14:01  Zealot x4  
  129  14:02  Stalker  
  88  14:12  High Templar x5  
  88  14:15  Archon x2  
Show
View Real Time Build Order
Export as new Build Order

Spirit Terran - Winner!

Build Orders: Gas First Reaper Expand 

Get SALT Encoding   

  12  0:00  SCV  
  13  0:12  SCV  
  14  0:17  Supply Depot  
  14  0:24  SCV  
  14  0:27  Refinery  
  15  0:38  SCV  
  16  0:45  Barracks  
  16  0:50  SCV  
  17  1:03  SCV  
  18  1:15  SCV  
  19  1:32  Reaper, Orbital Command  
  20  1:45  Command Center  
  20  1:55  Factory  
  20  1:59  SCV  
  21  2:05  Barracks Reactor  
  21  2:08  Supply Depot  
  21  2:12  SCV  
  22  2:18  Refinery  
  22  2:24  SCV  
  23  2:36  SCV  
  24  2:43  Starport  
  23  2:48  SCV  
  23  2:50  Hellion x2  
  28  2:56  Barracks Tech Lab  
  28  3:01  Orbital Command  
  28  3:04  SCV  
  29  3:11  Hellion  
  31  3:16  Hellion  
  31  3:19  SCV  
  32  3:25  Viking  
  34  3:30  SCV  
  34  3:32  SCV  
  35  3:42  SCV  
  35  3:46  Supply Depot, SCV  
  41  3:54  SCV  
  38  3:57  Medivac  
  38  3:58  Cyclone, SCV, Marine  
  38  4:01  Marine  
  46  4:08  SCV  
  47  4:10  Bunker, SCV  
  47  4:13  Supply Depot  
  47  4:16  Marine  
  49  4:20  SCV  
  49  4:22  SCV  
  51  4:26  Liberator  
  54  4:34  SCV, Siege Tank  
  54  4:35  SCV  
  54  4:37  Supply Depot  
  59  4:41  Marine  
  60  4:47  SCV x2  
  60  4:49  Barracks  
  62  4:55  Engineering Bay  
  62  4:59  Supply Depot, SCV  
  61  5:09  Siege Tank  
  61  5:11  Marine  
  61  5:12  SCV  
  61  5:13  Starport Tech Lab  
  60  5:15  SCV  
  60  5:17  Bunker  
  61  5:22  Marine  
  61  5:23  Bunker  
  61  5:24  SCV  
  61  5:27  SCV  
  60  5:32  Banshee, Marine  
  58  5:36  SCV  
  58  5:39  SCV  
  58  5:40  Marine  
  54  5:48  SCV  
  53  5:50  Marine, Orbital Command  
  54  5:57  Marine  
  54  6:00  SCV, Siege Tank  
  56  6:08  Marine  
  54  6:12  SCV  
  54  6:15  Marine  
  54  6:17  SCV  
  57  6:23  Refinery x2  
  57  6:24  SCV  
  58  6:26  Marine  
  58  6:29  SCV  
  57  6:33  Viking, Marine  
  57  6:36  SCV  
  62  6:41  SCV  
  62  6:44  Marine  
  62  6:45  Supply Depot  
  62  6:46  Supply Depot  
  64  6:48  SCV, Siege Tank  
  64  6:51  Marine  
  64  6:53  SCV, Barracks Tech Lab  
  69  6:58  Barracks  
  69  7:01  SCV  
  70  7:02  Marine  
  70  7:05  SCV  
  64  7:09  Marine  
  64  7:13  SCV  
  58  7:17  SCV, Marine  
  58  7:19  Marine  
  58  7:25  SCV  
  58  7:26  Marine  
  58  7:29  SCV  
  59  7:32  Banshee  
  65  7:37  SCV, Marine  
  64  7:44  Marine  
  64  7:45  SCV  
  64  7:47  Command Center  
  64  7:48  Cloaking Field  
  64  7:49  SCV  
  67  7:52  Stimpack  
  67  7:57  SCV  
  68  8:00  Terran Infantry Weapons Level 1  
  68  8:01  SCV  
  69  8:09  SCV, Missile Turret  
  69  8:10  Combat Shield  
  70  8:13  SCV  
  70  8:15  Marine  
  72  8:25  Barracks, Marine  
  72  8:26  Supply Depot, Barracks, Marine  
  74  8:31  Factory Tech Lab  
  74  8:34  Raven  
  74  8:38  SCV x2  
  74  8:40  Marine  
  79  8:43  Marine x2  
  79  8:44  Marine  
  82  8:50  SCV x2  
  82  8:51  Supply Depot  
  82  8:54  Siege Tank  
  87  8:58  Marine  
  87  9:00  Orbital Command  
  87  9:02  SCV  
  89  9:10  Marine  
  89  9:11  Marine x2  
  89  9:15  SCV  
  89  9:16  Marine  
  94  9:17  Medivac  
  96  9:26  Marine  
  96  9:29  SCV  
  98  9:33  Marine, Factory Reactor  
  97  9:44  SCV  
  96  9:46  Marine  
  96  9:48  Medivac  
  99  9:54  Marauder, Marine x2  
  99  9:57  Orbital Command  
  99  9:58  Barracks Tech Lab  
  99  10:01  SCV  
  99  10:02  SCV  
  99  10:03  Terran Infantry Armor Level 1, Marine  
  99  10:04  Barracks Reactor  
  102  10:10  Ghost Academy  
  102  10:12  Marine x2  
  102  10:13  Bunker  
  102  10:14  SCV x2, Bunker, Refinery  
  106  10:18  Refinery  
  106  10:22  SCV  
  106  10:26  SCV x2  
  109  10:28  Command Center  
  109  10:31  Medivac x2, Siege Tank  
  109  10:32  Marine  
  109  10:33  Marauder  
  109  10:34  SCV  
  120  10:38  SCV x2  
  122  10:44  Missile Turret, Marauder, Marine  
  122  10:46  Supply Depot  
  125  10:50  Enhanced Shockwaves  
  125  10:51  Supply Depot  
  125  10:52  Supply Depot  
  125  10:56  Engineering Bay, Armory  
  125  10:57  SCV x3  
  128  11:01  Viking, Medivac  
  128  11:03  Marine  
  133  11:04  Missile Turret  
  133  11:07  Ghost  
  133  11:08  Siege Tank, Marauder  
  133  11:10  SCV  
  133  11:11  SCV  
  135  11:13  SCV  
  136  11:23  SCV x2  
  136  11:25  SCV  
  137  11:26  Marauder  
  137  11:31  Medivac x2  
  143  11:35  SCV  
  143  11:36  Marine  
  143  11:37  Marauder  
  143  11:39  Marauder, Marine  
  150  11:42  Marine  
  150  11:43  SCV  
  150  11:46  SCV  
  145  11:47  SCV  
  145  11:50  Terran Infantry Weapons Level 2  
  145  11:51  Marine  
  146  11:57  Marauder, Marine  
  146  11:59  SCV x2  
  146  12:01  Medivac, Marauder  
  155  12:04  Marauder, Marine  
  158  12:09  Refinery, Marine  
  158  12:11  Refinery  
  158  12:12  SCV, Marine  
  161  12:19  Marauder  
  161  12:22  Marauder  
  163  12:25  Ghost  
  163  12:27  Ghost Academy  
  165  12:31  Planetary Fortress  
  165  12:32  SCV x2  
  165  12:34  SCV  
  165  12:35  Marine  
  169  12:40  Marauder  
  169  12:42  Marine  
  172  12:46  Fusion Core  
  172  12:47  Marine  
  172  12:48  Marauder  
  172  12:49  Marine  
  176  12:54  Marine  
  176  12:55  Marauder  
  176  12:56  Supply Depot  
  179  13:00  Marine  
  180  13:17  Ghost  
  180  13:18  Marine x2  
  180  13:19  Marine  
  185  13:21  Marine  
  185  13:22  Marauder  
  188  13:36  Marine  
  188  13:42  Medivac x2, Marauder  
  192  13:49  Barracks x3  
  192  13:53  Marauder, Marine  
  194  14:02  Command Center  
Tags
 
Add a new tag
Caveats
  • Supply blocks, unpowered buildings, or Contaminate may cause inaccurate times.
  • Supply counts are checked every 10 seconds.